Cogmind - Beta 15 @@@ ROGUE MODE // 2025.09.24 @ 22:51:25 Player: WarMechanic Result: Destroyed by XA-OOI(R) with Subdweller Machine Gun Performance ------------- Evolutions (0) 0 Regions Visited (1) 200 Robots Destroyed (15) 75 Value Destroyed (359) 359 Prototype IDs (0) 0 Alien Tech Used (0) 0 Bonus (0) 0 TOTAL SCORE: 634 Bonus ------- None Cogmind --------- Core Integrity 0/250 Matter 259/300 Energy 86/250 System Corruption 1% Temperature Cool (44) Movement Treading (240) Ox1 Location -10/Materials Parts ------- > --- POWER (1) -------- Ion Engine > --- PROPULSION (2) --- Light Treads > --- UTILITY (2) ------ Large Storage Unit Visual Processing Unit > --- WEAPON (2) ------- EM Shotgun Shotgun > --- INVENTORY (15) --- Light Ion Engine Wheel Large Storage Unit Structural Scanner Structural Scanner EM Shotgun EM Shotgun Shotgun Shotgun Shotgun Datajack Peak State ------------ > --- POWER ------------ Ion Engine > --- PROPULSION ------- Light Treads Compact Wheel > --- UTILITY ---------- Large Storage Unit Visual Processing Unit > --- WEAPON ----------- EM Shotgun Shotgun > --- INVENTORY -------- Ion Engine Light Ion Engine Light Treads Wheel Large Storage Unit Structural Scanner Structural Scanner EM Shotgun EM Shotgun EM Shotgun Shotgun Shotgun Shotgun Datajack [Rating: 12] Favorites ----------- Power Ion Engine Engine Ion Engine Propulsion Light Treads Treads Light Treads Wheel Compact Wheel Utility Large Storage Unit Device Heat Sink Storage Large Storage Unit Processor Visual Processing Unit Weapon Medium Laser Energy Gun Medium Laser Ballistic Gun Shotgun Build | -11 -10 ------- Run | Yrd Mat Slots Evolved . | . . Power . | . . Propulsion . | . . Utility . | . . Weapon . | . . Parts Attached 18 | 7 11 Power 3 | 1 2 Engine 3 | 1 2 Core . | . . Reactor . | . . Propulsion 4 | 3 1 Treads 2 | 2 . Leg . | . . Wheel 2 | 1 1 Hover . | . . Flight . | . . Utility 4 | 1 3 Device 1 | . 1 Storage 2 | 1 1 Processor 1 | . 1 Hackware . | . . Protection . | . . Artifact . | . . Weapon 7 | 2 5 Energy Gun 5 | 2 3 Energy Cannon . | . . Ballistic Gun 2 | . 2 Ballistic Cannon . | . . Launcher . | . . Special Weapon . | . . Impact Weapon . | . . Slashing Weapon . | . . Piercing Weapon . | . . Special Melee Weapon . | . . Unidentified Prototypes . | . . Parts Lost 6 | . 6 Power 2 | . 2 Propulsion 2 | . 2 Utility . | . . Weapon 2 | . 2 Highest Loss Streak 4 | . 4 To Critical Strikes . | . . Average Backups 9 | 1 10 Power 1 | . 1 Propulsion 1 | 1 1 Utility 1 | . 2 Weapon 3 | . 4 Tool/Special . | . . Unused Backups 14 | . 14 Power 1 | . 1 Propulsion 1 | . 1 Utility 4 | . 4 Weapon 7 | . 7 Tool/Special 1 | . 1 Average Slot Usage (%) 97 | . 97 Engine 14 | . 14 Treads 14 | . 14 Wheel 13 | . 13 Device 5 | . 5 Storage 14 | . 14 Processor 6 | . 6 Energy Gun 20 | . 20 Ballistic Gun 7 | . 7 Peak Build Rating 12 | 6 12 Average Rating 8 | 4 9 On Entrance 3 | . 6 Naked Turns . | . . Heaviest Build 34 | 14 34 Greatest Support 40 | 40 16 Greatest Overweight (x) 3 | 1 3 Average Overweight (x) 1 | . 1 Largest Inventory Capacity 15 | 8 15 Average Capacity 13 | 7 14 Most Carried 14 | 5 14 Average Carried 9 | 2 10 Final Capacity 15 | 8 15 Final Carried 11 | 4 11 Class Distribution -------------------- 100% | Mutant Dominant Class ---------------- Mutant | -10/Materials Resources | -11 -10 ----------- Run | Yrd Mat Matter Collected 384 | 189 195 Remotely . | . . Salvage Created 497 | . 497 Parts 25 | . 25 Haulers Intercepted . | . . Recyclers Shooed . | . . Parts Field Recycled . | . . Retrieved Matter . | . . Parts Self-Destructed . | . . Prevented . | . . Kills | -11 -10 ------- Run | Yrd Mat Combat Hostiles Destroyed 10 | . 10 Guns 9 | . 9 Classes Destroyed 7 | . 7 Builder 1 | . 1 Recycler 1 | . 1 Operator 1 | . 1 Watcher 2 | . 2 Swarmer 3 | . 3 Grunt 6 | . 6 Subdweller 1 | . 1 Best Kill Streak 4 | . 4 Combat Bots Only 4 | . 4 Max Kills in Single Turn 1 | . 1 Gunslinging . | . . Exploded . | . . Melee . | . . Uniques/NPCs Destroyed . | . . Combat | -11 -10 -------- Run | Yrd Mat Hostile Shots Fired 80 | . 80 Missed 17 | . 17 Hits 63 | . 63 Projectile 63 | . 63 AOE 2 | . 2 Critical Strikes 3 | . 3 Damage Taken 1020 | . 1020 Core 264 | . 264 Absorbed by Shields . | . . Core Remaining (%) 100 | 100 . Volleys Fired 44 | . 44 Largest 2 | . 2 Hottest 100 | . 100 Shots Fired 86 | . 86 Gun 86 | . 86 Cannon . | . . Launcher . | . . Special . | . . Kinetic 12 | . 12 Thermal 41 | . 41 Explosive . | . . Electromagnetic 33 | . 33 Robot Hit Streak 11 | . 11 Robot Miss Streak 5 | . 5 Penetration Max . | . . Secondary Targets . | . . Shots Hit Robots 58 | . 58 Core Hits 27 | . 27 Critical Kills . | . . Critical Parts Destroyed . | . . Critical Strikes 3 | . 3 Burn 2 | . 2 Corrupt 1 | . 1 Melee Attacks . | . . Impact . | . . Slashing . | . . Piercing . | . . Sneak Attacks . | . . Combat Hostiles . | . . Follow-up Attacks . | . . Damage Inflicted 837 | . 837 Guns 786 | . 786 Cannons . | . . Explosions 51 | . 51 Melee . | . . Ramming . | . . Kinetic 138 | . 138 Thermal 375 | . 375 Explosive . | . . Electromagnetic 324 | . 324 Impact . | . . Slashing . | . . Piercing . | . . Highest Corruption 1 | . 1 Average Corruption 1 | . 1 Corruption Purged . | . . Corruption Blocked . | . . Effects 3 | . 3 Matter Fused 1 | . 1 Heat Flow Errors 1 | . 1 Energy Discharges 1 | . 1 Overload Shots . | . . Overflow Damage 11 | . 11 Projectiles . | . . Explosions 11 | . 11 Melee . | . . Knockbacks . | . . Impact . | . . Kinetic . | . . Secondary . | . . Self-Inflicted Damage . | . . Shots . | . . Rammed . | . . Targets Rammed . | . . Kicked . | . . Crushed . | . . Highest Temperature 285 | . 285 Average Temperature 70 | . 70 Received Heat Transfer 255 | . 255 Effects 1 | . 1 Energy Bleed 1 | . 1 Siege Activations . | . . Martial Activations . | . . Shielding Activations . | . . Robots Disrupted . | . . Combat Hostiles . | . . Robots Corrupted . | . . Combat Hostiles . | . . Parts Fried . | . . Impact Corruptions . | . . Robots Melted 1 | . 1 Combat Hostiles 1 | . 1 Parts Melted 2 | . 2 Heat Transferred 1210 | . 1210 Parts Sabotaged . | . . Parts Stolen . | . . Parts Stripped . | . . Power Chain Reactions 1 | . 1 Alert | -11 -10 ------- Run | Yrd Mat Maximum Alert Level . | . . Low Security (%) 100 | 100 100 Level 1 . | . . Level 2 . | . . Level 3 . | . . Level 4 . | . . Level 5 . | . . High Security . | . . Max Security . | . . Peak Influence 135 | . 135 Initial . | . . Average 62 | . 69 Influence Increases 316 | . 316 Destroy 0b10 Robot/C 180 | . 180 Destroy 0b10 Robot/NC 25 | . 25 Destroy Leader 44 | . 44 Successful Hack 4 | . 4 Destroy Structure 3 | . 3 Lose Combat Pursuer 60 | . 60 Influence Decreases 306 | . 306 Time Decay 246 | . 246 Lost Part 60 | . 60 Squads Dispatched 1 | . 1 Investigation . | . . Extermination . | . . Reinforcement 1 | . 1 Assault . | . . Garrison . | . . Intercept . | . . Searches Triggered . | . . Construction Impeded . | . . Haulers Reinforced . | . . Active Scanning Responses . | . . Cargo Convoy Interrupts . | . . Stealth | -11 -10 --------- Run | Yrd Mat Distress Signals 2 | . 2 Communications Jammed . | . . Distress Signals . | . . Times Spotted 25 | . 25 Peak Tracking Total 6 | . 6 Tactical Retreats 3 | . 3 Traps | -11 -10 ------- Run | Yrd Mat Traps Triggered 1 | . 1 Indirectly . | . . Trap Hack Attempts . | . . Triggered . | . . Disarmed . | . . Reprogrammed . | . . Reused . | . . Traps Extracted . | . . Installed . | . . Triggered . | . . Machines | -11 -10 ---------- Run | Yrd Mat Machines Disabled . | . . Max in Single Turn . | . . Machines Repaired . | . . Machines Dismantled . | . . Machines Sabotaged . | . . Overloaded Fab Kills . | . . Hacking | -11 -10 --------- Run | Yrd Mat Machines Accessed 2 | . 2 Terminals 2 | . 2 Fabricators . | . . Repair Stations . | . . Recycling Units . | . . Scanalyzers . | . . Garrison Access . | . . Total Hacks 4 | . 4 Successful 3 | . 3 Failed 1 | . 1 Catastrophic . | . . Database Lockouts . | . . Manual 4 | . 4 Terminals 4 | . 4 Fabricators . | . . Repair Stations . | . . Recycling Units . | . . Scanalyzers . | . . Garrison Access . | . . Terminal Hacks 1 | . 1 Terminal Index 1 | . 1 Fabricator Hacks . | . . Repair Station Hacks . | . . Recycling Unit Hacks . | . . Scanalyzer . | . . Garrison Access Hacks . | . . Unauthorized Hacks 2 | . 2 Terminals 2 | . 2 Botnet 2 | . 2 Fabricators . | . . Repair Stations . | . . Recycling Units . | . . Scanalyzers . | . . Garrison Access . | . . Data Cores Recovered . | . . Used . | . . Hacking Detections 2 | . 2 Full Trace Events . | . . Feedback Events . | . . Feedback Blocked . | . . Robot Schematics Acquired . | . . Robots Built . | . . Authchips . | . . Time . | . . Total Robot Build Rating . | . . Part Schematics Acquired . | . . Parts Built . | . . Authchips . | . . Time . | . . Total Part Build Rating . | . . Parts Repaired . | . . Time . | . . Parts Recycled . | . . Recycled Matter . | . . Retrieved Matter . | . . Retrieved Components . | . . Parts Scanalyzed . | . . Part Schematics Acquired . | . . Parts Damaged . | . . Bothacking | -11 -10 ------------ Run | Yrd Mat Used RIF Installer . | . . Robots Hacked . | . . Non-combat . | . . Combat . | . . Robot Hacks Applied . | . . Relay Couplers Released . | . . Fabnet Peak Effective % . | . . Robots Rewired . | . . Allies Hacked . | . . Hacks Repelled . | . . Allies | -11 -10 -------- Run | Yrd Mat Total Allies . | . . Largest Group . | . . Highest-Rated Group . | . . Highest-Rated Ally . | . . Total Orders . | . . Ally Attacks . | . . Total Damage . | . . Kills . | . . Allies Corrupted . | . . Allies Melted . | . . Intel | -11 -10 ------- Run | Yrd Mat Active Infowar (turns) 306 | . 306 Optics 306 | . 306 Robot Analysis Total . | . . Derelict Logs Recovered . | . . Drone Launches . | . . Drone Recoveries . | . . Exploration | -11 -10 ------------- Run | Yrd Mat Turns Passed 708 | 69 639 Spaces Moved 377 | 43 334 Core 2 | 2 . Treads 20 | 20 . Legs . | . . Wheels 355 | 21 334 Hover . | . . Flight . | . . Fastest Speed 50 | 50 95 Average Speed 112 | 123 111 Slowest Speed 160 | 160 125 Overloaded Moves . | . . Propulsion Burnouts . | . . Robots Hopped . | . . Potential Cave-ins . | . . Cave-ins Triggered . | . . Exploration Rate (%) 23 | 3 43 Regions Visited 1 Branch Regions . Pre-discovered Areas . | . . Known Exits Taken . | . . Unknown Exits Taken 1 | 1 . Scrap Searched . | . . Spaces Dug . | . . Terrain Destroyed 3 | . 3 Melee . | . . Projectile . | . . AOE 3 | . 3 Terrain Rammed . | . . Walls Destroyed . | . . Machines Disabled . | . . Actions | -11 -10 --------- Run | Yrd Mat Total 575 | 56 519 Wait 97 | . 97 Move 376 | 42 334 Hop . | . . Pick Up 27 | 7 20 Fast Attach 5 | 3 2 Attach 10 | 3 7 Detach 3 | . 3 Swap 4 | 1 3 Drop 9 | . 9 Fire 44 | . 44 Melee . | . . Ram . | . . Kick . | . . Crush . | . . Escape Stasis . | . . Rewire . | . . Trap . | . . Miscellaneous . | . . Route ------- -11/Scrapyard -10/Materials (discovered 2 exits: [*Mat x2]) History --------- Turn | Location | Event 15 | -11/Scrapyard | Discovered new exit (range 15) 70 | -11/Scrapyard | Entered Materials 243 | -10/Materials | Discovered new exit (range 14) 319 | -10/Materials | Build established: Mutant 345 | -10/Materials | Core integrity fell below 50% 443 | -10/Materials | Discovered new exit (range 18) 570 | -10/Materials | Derelicts attacked the area 696 | -10/Materials | Core integrity fell below 20% 709 | -10/Materials | Destroyed by XA-OOI(R) with Subdweller Machine Gun Last Messages --------------- 00695_ K-01 Serf cleans the Electrolysis Chamber. 00696_ U-05 Engineer lays Concrete. 00698_ K-01 Serf collects debris. 00698_ U-05 Engineer lays Concrete. 00700_ The unstable cave ceiling collapses. 00700_ U-05 Engineer builds a Wall. 00700_ U-05 Engineer lays Concrete. 00702_ K-01 Serf collects debris. 00703_ The unstable cave ceiling collapses. 00703_ U-05 Engineer lays Concrete. 00704_ U-05 Engineer builds a Wall. 00704_ U-05 Engineer lays Concrete. 00704_ Lgt. Treads destroyed. 00705_ Destroyed Scrap Shield. 00706_ U-05 Engineer lays Concrete. 00706_ K-01 Serf collects debris. 00707_ U-05 Engineer lays Concrete. 00708_ MF-1OT(R) destroyed. 00709_ U-05 Engineer builds a Wall. Map ----- +----------------------------------------------------+ | ????????????????????????????# #????????????????? | | ????????????????????????????# +????????????????? | | ????????????????????????????# #????????????????? | | ????????????????????????????# #????????????????? | | ???????????????????????????## ##?????#######???? | | ???????????????????????????# ####### #???? | | ???????????????????????????# " #???? | | ???????????????????????????# "T #???? | | ???????????????????????????# #???? | | ???????????????????????????# ###+### #???? | | ?????????? ???????????????## ##### ## ##???? | | ????????? ?????????????# #???# ## #????? | | ??????????? ############ #???# ## #????? | | ????????????""" #???# ## #?#### | | ????????????""" #???# ## #?#]] | | ????????????""" #???# ## #?#]] | | ????????????""" ########### #???# ## ### | | ???????????? ??????????????#%########## ## | | ????????????????????????????#%# ### %* | | ????????????????????######### #""" + " = | | ??????????????????### # #""" ### | | ????????????""" ??# # #""" #?# ##### | | ????????? """ # # + #?###+######? | | ???????? # # #?# % #? | | ???????? # ########?# "" #? | | ???????? @#* !##???## """ #? | | ??????????????# u !#???##% """ #? | | ??????????????# #???##%% """ #? | | ??????????????# # #???## " #? | | ??????????????# !#???## !% = ## | | ??????????????# u# !##????# ## | | ??????????????# ?# ####?????# ^ ## | | ??????????????#???### # ################+### | | ????????????????????####### # #??????# ### | | ??????????????????????????# # #??????# + | | ???????????????????######## # """"" #??????##### | | ???????????????????# # R# """"" #??????????# | | ???????????????????# "" += + """"" #??????????? | | ???????????????????#[ Y" #%* ########???????????? | | ???????????????????#[ "" # #??????????????????? | | ???????????????????# # #??????????????????? | | ???????????????????# ! # #??????????????????? | | ???????????????????######## #??????????????????? | | ??????????????????????????# #??????????????????? | | ??????????????????????????# #??????????????????? | | ??????????????????????????# #??????????????????? | | ??????????????????????????# #??????????????????# | | ??????????????????????????# #??????????????????# | | ??????????????????????????# #??????????????????# | | ??????????????????????????# #?#????????????????# | +----------------------------------------------------+ Best States ------------- Heat Dissipation 35 Energy Generation 10 Energy Capacity 250 Matter Stores 300 Matter Capacity 300 Sight Range 18 Terrain Scan Density 10 Evasion (%) 41 Recoil Reduction 2 Item Schematics ----------------- None Robot Schematics ------------------ None Fabricated ------------ Nothing Repaired ---------- Nothing Alien Tech Used ----------------- None Achievements -------------- None Challenges ------------ None Game ------ Seed TransportConceptScanner Manual? 0 Play Time 00:11:27 Cumulative 19.0 hours Start 2025.06.18 @ 20:48:23 End 2025.09.24 @ 22:51:25 Sessions 4 Manual Loads 0 Difficulty Rogue Special Mode None Game No. 25 Rogue 25 Adventurer 0 Explorer 0 Win Type - Total 0 Types 0/0/0/0/0/0/0/0/0/0 Lore% 5 Gallery% 11 Achievement% 15 Wizard Run 0 Options --------- Layout 1 ASCII 0 Keyboard 1 Movement Arrows Keybinds 1 Fullscreen 1 Font 24/Smallcaps Map View 50x35 Zoom Use 0% Tactical HUD 1 Map Filters NONE Filters NONE Steam 1 RUN: 3b62bec1-1247-477d-98fc-dea4c2f48f1a